General information
			
			
        
        - name: BNet
 
        - type: Ladder 1vs1/FFA
 
        - host: Battle.net
 
        - saver: yllyps
 
        
map: TirisfalGlades 
        - players: 2
 
        - length: 16:03
 
        - speed: Fast
 - version: 1.22 W3XP
 - replay type:  Public
 
» download(54 KB)
Players
        team 1 (loser) 
              
              
Precise-Gaming (
purple | 104 APM | 1667 actions | 16:01)
              
 5 Demon Hunter 
 3 Mana Burn
 2 Evasion
 
                » actions 
                
                | Assign group hotkey | 49 |  | 
| Basic commands | 20 |  | 
| Build / train | 60 |  | 
| ESC pressed | 2 |  | 
| Enter build submenu | 19 |  | 
| Enter hero's abilities submenu | 5 |  | 
| Give item / drop item | 2 |  | 
| Right click | 839 |  | 
| Select / deselect | 307 |  | 
| Select group hotkey | 275 |  | 
| Use ability | 89 |  | 
                1667 total
 » units 
                
                | Wisp | 23 |  | 
| Archer | 5 |  | 
| Druid of the Claw | 17 |  | 
                45 total
 » upgrades
                
                | Druid of the Claw Training | 2 |  | 
| Mark of the Claw | 1 |  | 
| Strength of the Wild | 2 |  | 
                5 total
 » buildings
                
                | Altar of Elders | 2 |  | 
| Moon Well | 6 |  | 
| Ancient of War | 1 |  | 
| Tree of Ages | 1 |  | 
| Hunter's Hall | 1 |  | 
| Tree of Life | 2 |  | 
| Tree of Eternity | 1 |  | 
| Ancient of Lore | 2 |  | 
| Ancient Protector | 3 |  | 
                19 total
 » build order
                00:03 Altar of Elders
00:05 Altar of Elders
00:19 Moon Well
00:47 Ancient of War
01:41 Moon Well
02:48 Tree of Ages
04:19 Hunter's Hall
04:25 Moon Well
05:00 Tree of Life
05:08 Tree of Life
05:20 Moon Well
05:57 Tree of Eternity
05:59 Ancient of Lore
06:00 Ancient of Lore
10:35 Moon Well
13:10 Moon Well
15:55 Ancient Protector
15:55 Ancient Protector
15:56 Ancient Protector
» items
                 
               team 2 (winner) 
              
              
yllyps (
orange | 65 APM | 1046 actions | 16:03)
              
 3 Blood Mage 
 2 Flame Strike
 1 Siphon Mana
 
                » actions 
                
                | Assign group hotkey | 13 |  | 
| Basic commands | 34 |  | 
| Build / train | 113 |  | 
| ESC pressed | 1 |  | 
| Enter build submenu | 57 |  | 
| Enter hero's abilities submenu | 3 |  | 
| Right click | 281 |  | 
| Select / deselect | 221 |  | 
| Select group hotkey | 167 |  | 
| Use ability | 156 |  | 
                1046 total
 » units 
                » upgrades
                » buildings
                
                | Altar of Kings | 2 |  | 
| Farm | 3 |  | 
| Lumber Mill | 3 |  | 
| Scout Tower | 56 |  | 
| Arcane Tower | 1 |  | 
| Guard Tower | 36 |  | 
| Town Hall | 1 |  | 
| Arcane Vault | 1 |  | 
| Keep | 6 |  | 
                109 total
 » build order
                00:14 Altar of Kings
00:18 Farm
00:22 Lumber Mill
00:48 Scout Tower
00:56 Farm
01:33 Farm
01:35 Arcane Tower
01:43 Scout Tower
02:15 Guard Tower
02:42 Scout Tower
03:10 Guard Tower
03:47 Scout Tower
04:27 Scout Tower
04:29 Scout Tower
04:30 Scout Tower
04:32 Scout Tower
04:34 Scout Tower
04:39 Town Hall
04:42 Arcane Vault
04:47 Guard Tower
04:49 Scout Tower
04:53 Scout Tower
04:53 Scout Tower
04:59 Guard Tower
05:02 Guard Tower
05:04 Scout Tower
05:06 Scout Tower
05:08 Scout Tower
05:11 Guard Tower
05:13 Guard Tower
05:36 Guard Tower
05:40 Scout Tower
05:58 Guard Tower
06:05 Guard Tower
06:19 Scout Tower
06:20 Guard Tower
06:32 Guard Tower
06:44 Guard Tower
06:45 Guard Tower
06:46 Guard Tower
06:46 Guard Tower
06:49 Guard Tower
06:52 Scout Tower
07:23 Scout Tower
07:24 Scout Tower
07:24 Scout Tower
07:36 Guard Tower
08:17 Guard Tower
08:22 Scout Tower
08:23 Scout Tower
08:23 Scout Tower
08:27 Keep
08:39 Scout Tower
08:49 Scout Tower
08:55 Guard Tower
09:01 Keep
09:01 Keep
09:01 Keep
09:06 Scout Tower
09:09 Scout Tower
09:17 Guard Tower
09:49 Scout Tower
09:52 Scout Tower
10:18 Guard Tower
10:20 Guard Tower
10:37 Guard Tower
10:40 Scout Tower
10:40 Scout Tower
11:37 Guard Tower
11:43 Altar of Kings
11:45 Scout Tower
11:46 Scout Tower
11:46 Scout Tower
11:50 Scout Tower
11:51 Scout Tower
11:55 Guard Tower
12:06 Guard Tower
12:09 Guard Tower
12:13 Scout Tower
12:18 Scout Tower
12:21 Scout Tower
12:35 Guard Tower
12:47 Guard Tower
12:50 Guard Tower
12:54 Lumber Mill
12:58 Scout Tower
13:01 Scout Tower
13:02 Scout Tower
13:14 Lumber Mill
14:23 Guard Tower
14:33 Scout Tower
14:33 Scout Tower
14:34 Scout Tower
14:35 Scout Tower
14:36 Scout Tower
14:36 Scout Tower
14:37 Scout Tower
14:38 Scout Tower
14:39 Scout Tower
14:45 Guard Tower
14:56 Scout Tower
14:57 Scout Tower
14:58 Scout Tower
14:58 Scout Tower
15:20 Guard Tower
15:41 Guard Tower
» items
                
                | Staff of Teleportation | 1 |  | 
| Lesser Clarity Potion | 7 |  | 
| Scroll of Regeneration | 3 |  | 
| Ivory Tower | 10 |  | 
| Potion of Mana | 6 |  | 
| Potion of Healing | 3 |  | 
| Scroll of Town Portal | 1 |  | 
                31 total
  
                Chat log
          
(11:18 / All) Precise-Gaming: noob
(15:22 / All) Precise-Gaming: u so noob
(15:25 / All) yllyps: so win 
(15:31 / All) Precise-Gaming: OO
(15:33 / All) Precise-Gaming: lame so skill
(15:34 / All) Precise-Gaming: of
(15:38 / All) yllyps: win win win
(15:43 / All) Precise-Gaming: u lose anyway
(15:43 / All) yllyps: precise gaming
(15:45 / All) yllyps: win win win
(15:51 / All) Precise-Gaming: noob